 Dungeon Crawl Stone Soup version 0.17-a0-1769-g54adf96 (webtiles) character file.

39 4thArraOfDagon the Firebug (level 3, -4/19 HPs)
             Began as a Deep Elf Fire Elementalist on Sept 7, 2015.
             Slain by Duvessa
             ... wielding a +0 rapier
              (6 damage)
             ... on level 4 of the Dungeon.
             The game lasted 00:02:46 (488 turns).

4thArraOfDagon the Firebug (DEFE)                    Turns: 488, Time: 00:02:46

Health: -4/19      AC:  4    Str:  5    XL:     3   Next: 26%
Magic:  0/9        EV: 13    Int: 20    God:
Gold:   68         SH:  0    Dex: 15    Spells: 2 memorised, 4 levels left

rFire  . . .     SeeInvis .     d - -2 dagger (curse)
rCold  . . .     Clarity  .     a - +0 robe
rNeg   . . .     SustAt   .     (no shield)
rPois  .         Gourm    .     f - +0 helmet
rElec  .         Spirit   .     (no cloak)
rCorr  .         Warding  .     (no gloves)
rMut   .         Stasis   .     g - +0 pair of boots
MR     .....                    (no amulet)
Stlth  ++........               (no ring)
                                (no ring)

@: very slightly contaminated, not resistant to hostile enchantments, unstealthy
A: no striking features
a: no special abilities


You were on level 4 of the Dungeon.
You were not hungry.

You visited 1 branch of the dungeon, and saw 4 of its levels.

You collected 68 gold pieces.

Inventory:

Hand weapons
 d - a cursed -2 dagger (weapon)
Armour
 a - a +0 robe (worn)
 f - a +0 helmet (worn)
 g - a +0 pair of boots (worn)
Scrolls
 e - 2 scrolls of identify {unknown}
 h - a scroll of teleportation {unknown}
 i - a scroll of magic mapping {unknown}
Potions
 j - a potion of degeneration {unknown}
 k - a potion of lignification {unknown}
 l - a potion of curing {unknown}
Books
 b - a book of Flames

   Spells                             Type                      Level
   a - Flame Tongue                   Conjuration/Fire             1
   b - Throw Flame                    Conjuration/Fire             2
   c - Conjure Flame                  Conjuration/Fire             3
   d - Inner Flame                    Hexes/Fire                   3
   e - Sticky Flame                   Conjuration/Fire             4
   f - Fireball                       Conjuration/Fire             5
Comestibles
 c - a bread ration


   Skills:
 - Level 2.4 Dodging
 - Level 2.4 Stealth
 + Level 3.4 Spellcasting
 * Level 2.1 Conjurations
 * Level 4.1 Fire Magic


You had 4 spell levels left.
You knew the following spells:

 Your Spells              Type           Power        Failure   Level  Hunger
a - Flame Tongue          Conj/Fire      ###..        3%          1    None
b - Conjure Flame         Conj/Fire      ###.....     12%         3    ###....


Dungeon Overview and Level Annotations

Branches:
Dungeon (4/15)
 Temple: D:4-7

Altars:
Makhleb

Annotations:
D:4 Duvessa, Sigmund


Message History

Duvessa is engulfed in roaring flames.
Duvessa drinks a potion.
Duvessa is healed!
Casting: Flame Tongue
Confirm with . or Enter, or press ? or * to list all spells.
Aiming: Flame Tongue
Press: ? - help, Shift-Dir - straight line, f/p - Duvessa
Aim: Duvessa, wielding a rapier and wearing a shiny chain mail (flame, lightly wounded)
The flame tongue misses Duvessa.
Duvessa is engulfed in roaring flames.
Duvessa hits you with a rapier.
* * * LOW HITPOINT WARNING * * *
Unknown command.
Casting: Flame Tongue
Confirm with . or Enter, or press ? or * to list all spells.
Aiming: Flame Tongue
Press: ? - help, Shift-Dir - straight line, f/p - Duvessa
Aim: Duvessa, wielding a rapier and wearing a shiny chain mail (heavily wounded)
The flame tongue hits Duvessa.
Duvessa is heavily wounded.
Duvessa hits you with a rapier.
You die...

#### ..# #.# ####@####
#...e...# #.##.##.# #.
#.# # #.##.## #.#.#.#
#....##
...g.....####...###.####
...g@.g..'..............


You could see Duvessa.

Vanquished Creatures
  2 adders (D:2)
  A worm (D:2)
  A giant gecko (D:2)
  A bat (D:2)
  A giant cockroach (D:1)
  3 hobgoblins
  A giant newt (D:1)
  4 goblins
  2 kobolds (D:2)
  2 rats
18 creatures vanquished.

Notes
Turn   | Place    | Note
--------------------------------------------------------------
     0 | D:1      | 4thArraOfDagon the Deep Elf Fire Elementalist began the quest for the Orb.
     0 | D:1      | Reached XP level 1. HP: 10/10 MP: 6/6
   137 | D:2      | Reached XP level 2. HP: 10/15 MP: 1/8
   155 | D:2      | Found a burning altar of Makhleb.
   252 | D:2      | Reached skill level 4 in Fire Magic
   262 | D:2      | Reached XP level 3. HP: 15/19 MP: 0/9
   267 | D:2      | Learned a level 3 spell: Conjure Flame
   438 | D:4      | Noticed Duvessa
   438 | D:4      | Noticed Sigmund
   488 | D:4      | Slain by Duvessa

Vault maps used:
D:1:      dpeg_arrival_shrine
D:2:      minmay_door_path, lemuel_coloured_pillars_altar,
          nicolae_overflow_crystal_walls, grunt_ministairs_9,
          minmay_strange_pillars
D:3:      nicolae_dithmenos_through_a_glass_darkly, first_bread
D:4:      uniq_robin, uniq_duvessa, uniq_sigmund

Action                   || total
-------------------------++-------
Melee: Dagger            ||    13
 Cast: Flame Tongue      ||    37
       Conjure Flame     ||     2
  Use: Potion            ||     1
